 Dungeon Crawl Stone Soup version 0.27-a0-1060-gcb85b5eba1 (webtiles) character file.

Game seed: 16016842537794036525

613 Ijustatesigmund the Chopper (level 7, -2/55 HPs)
             Began as a Demonspawn Fighter on Apr 21, 2021.
             Slain by Blork the orc
             ... wielding a +0 glaive
              (11 damage)
             ... on level 5 of the Dungeon.
             The game lasted 00:05:34 (4901 turns).

Ijustatesigmund the Chopper (Demonspawn Fighter)    Turns: 4901, Time: 00:05:35

Health: -2/55      AC: 14    Str: 16    XL:     7   Next: 20%
Magic:  7/7        EV:  5    Int: 10    God:
Gold:   185        SH:  0    Dex: 16    Spells: 6/6 levels left

rFire    . . .     SeeInvis .   a - +0 war axe
rCold    . . .     Faith    .   c - +0 kite shield
rNeg     . . .     Spirit   .   b - +0 chain mail
rPois    .         Reflect  .   (no helmet)
rElec    .         Harm     .   (no cloak)
rCorr    .         Rampage  .   g - +1 pair of gloves
Will     .....                  p - +2 pair of boots
Stlth    ..........             (no amulet)
HPRegen  0.18/turn              (no ring)
MPRegen  0.10/turn              (no ring)

@: confused, ambrosia-drunk
A: hooves 1, thin skeletal structure 1, powered by pain 1, spiny 1
a: no special abilities


You were on level 5 of the Dungeon.
You visited 1 branch of the dungeon, and saw 5 of its levels.

You collected 185 gold pieces.

Inventory:

Hand Weapons
 a - a +0 war axe (weapon)
Armour
 b - a +0 chain mail (worn)
 c - a +0 kite shield (worn)
 g - a +1 pair of gloves (worn)
 p - a +2 pair of boots (worn)
Jewellery
 k - a +6 ring of intelligence
 r - the ring "Waabroiku" {rCorr MP-9 AC+4 Int+3 Dex+4}
   (You found it on level 4 of the Dungeon)

   [ring of protection]

   It affects your AC (+4).
   It affects your intelligence (+3).
   It affects your dexterity (+4).
   It affects your magic capacity (-9).
   It protects you from acid and corrosion.
Wands
 d - a wand of mindburst (9)
Scrolls
 f - a scroll of enchant weapon {unknown}
 l - a scroll of blinking {unknown}
 m - a scroll of teleportation
 q - a scroll of fear {unknown}
Potions
 e - a potion of attraction
 i - 2 potions of brilliance
 j - a potion of flight
 n - a potion of magic
 o - a potion of curing


   Skills:
 + Level 4.9 Fighting
 * Level 5.3 Axes
 + Level 2.9 Armour
 - Level 3.0 Dodging
 - Level 2.6 Shields


You had 6 spell levels left.
You didn't know any spells.
Your spell library contained the following spells:

 Spells                   Type           Power      Damage    Failure   Level
 Bolt of Magma            Conj/Fire/Erth 0%         4d4       100%        5
 Iskenderun's Battlesphe  Conj           0%         2d6       100%        5
 Iron Shot                Conj/Erth      0%         9d1       100%        6
 Orb of Destruction       Conj           0%         N/A       100%        7
 Spellforged Servitor     Conj/Summ      0%         N/A       100%        7


Dungeon Overview and Level Annotations

Branches:
Dungeon (5/15)
 Temple: D:4-7

Altars:
Makhleb
Nemelex Xobeh
Yredelemnul
Zin

Annotations:
D:5 Blork the orc


Innate Abilities, Weirdness & Mutations

You have large cloven feet.
You have a somewhat thin skeletal structure. (Dex +2, Stealth+)
You sometimes gain a little power by taking damage.
You are partially covered in sharp spines.


Message History

You are too injured to fight recklessly!
You are too injured to fight recklessly!
You are too injured to fight recklessly!
You are too injured to fight recklessly!
You are too injured to fight recklessly!
You are too injured to fight recklessly!
You are too injured to fight recklessly!
Unknown command.
You hit Blork the orc.
Blork the orc is heavily wounded.
Blork the orc is struck by your spines.
Blork the orc hits you but does no damage.
Your shield and chain mail prevent you from hitting Blork the orc.
Blork the orc is severely wounded.
Blork the orc hits you with a +0 glaive!
Blork the orc is struck by your spines.
Blork the orc hits you with a +0 glaive!
* * * LOW HITPOINT WARNING * * *
Your chain mail prevents you from hitting Blork the orc.
Blork the orc is severely wounded.
Blork the orc hits you with a +0 glaive.
* * * LOW HITPOINT WARNING * * *
Your chain mail prevents you from hitting Blork the orc.
Blork the orc is severely wounded.
Blork the orc casts a spell.
Blork the orc seems to speed up.
It was a potion of magic.
Magic courses through your body.
Blork the orc miscasts a cantrip.
Blork the orc looks angry.
Blork the orc hits you with a +0 glaive!
* * * LOW HITPOINT WARNING * * *
It was a potion of curing.
You feel better.
Blork the orc hits you with a +0 glaive.
* * * LOW HITPOINT WARNING * * *
It was a potion of ambrosia.
You are confused.
You feel invigorated.
Blork the orc miscasts a cantrip.
Blork the orc hits you with a +0 glaive!
You die...

...........
##..........
#.<.........
#...........
##...........
#............
#............
#..o@<.......
#............
##.....=.....
####......##
########


You could see Blork the orc (fast).

Vanquished Creatures
  An ogre (D:4)
  A necrophage (D:4)
  A bullfrog (D:3)
  The ghost of fasse2k the Skirmisher, a weakling DsFi (D:3)
  A hound (D:2)
  An orc priest (D:3)
  A centaur skeleton (D:4)
  An iguana (D:4)
  2 orc wizards (D:3)
  A hound zombie (D:3)
  4 gnolls (D:3)
  3 adders
  A howler monkey skeleton (D:2)
  A dart slug (D:3)
  6 orcs
  6 ball pythons
  9 endoplasms
  5 giant cockroaches
  4 goblins
  12 hobgoblins
  3 jackals (D:2)
  4 quokkas
  A ball python zombie (D:3)
  3 bats (D:1)
  2 frilled lizards (D:3)
  6 kobolds
  7 rats
88 creatures vanquished.

Notes
Turn   | Place    | Note
-------+----------+-------------------------------------------
     0 | D:1      | Ijustatesigmund the Demonspawn Fighter began the quest for
                  | the Orb.
     0 | D:1      | Reached XP level 1. HP: 18/18 MP: 1/1
   322 | D:1      | Reached skill level 2 in Axes
   541 | D:1      | Gained mutation: You have large cloven feet. [demonic
                  | ancestry]
   541 | D:1      | Reached XP level 2. HP: 24/24 MP: 2/2
  1130 | D:2      | Reached skill level 1 in Dodging
  1131 | D:2      | Gained mutation: You sometimes gain a little power by
                  | taking damage. [demonic ancestry]
  1131 | D:2      | Reached XP level 3. HP: 23/29 MP: 3/3
  1132 | D:2      | Reached skill level 3 in Axes
  1140 | D:2      | Reached XP level 4. HP: 19/35 MP: 4/4
  1391 | D:2      | Found a faded altar of an unknown god.
  2329 | D:3      | Noticed a bullfrog
  2339 | D:3      | Killed a bullfrog
  2340 | D:3      | Reached XP level 5. HP: 8/42 MP: 5/5
  2830 | D:3      | Found a burning altar of Makhleb.
  2884 | D:3      | Reached skill level 4 in Axes
  3110 | D:3      | Found a runed translucent gate.
  3110 | D:3      | Found a runed translucent gate.
  3110 | D:3      | Found a runed translucent gate.
  3110 | D:3      | Noticed fasse2k's ghost (weakling DsFi)
  3112 | D:3      | Found a basalt altar of Yredelemnul.
  3144 | D:3      | Killed fasse2k's ghost
  3145 | D:3      | Gained mutation: You are partially covered in sharp spines.
                  | [demonic ancestry]
  3145 | D:3      | Reached XP level 6. HP: 25/48 MP: 6/6
  3861 | D:3      | Found a sparkling altar of Nemelex Xobeh.
  4081 | D:4      | Reached skill level 5 in Axes
  4468 | D:4      | Gained mutation: You have a somewhat thin skeletal
                  | structure. (Dex +2, Stealth+) [demonic ancestry]
  4468 | D:4      | Reached XP level 7. HP: 50/55 MP: 7/7
  4619 | D:4      | Identified the ring "Waabroiku" {rCorr MP-9 AC+4 Int+3
                  | Dex+4}
  4889 | D:5      | Entered Level 5 of the Dungeon
  4889 | D:5      | Noticed Blork the orc
  4899 | D:5      | HP: 1/55 [Blork the orc/+0 glaive (7)]
  4901 | D:5      | Slain by Blork the orc

Illustrated notes

Levels and vault maps discovered:
D:1:      lordsloth_arrival_two_stooges, layout_basic, minmay_statues_item,
          minmay_misc_feat_roman, minivault_11, grunt_decor_cap
D:2:      layout_basic, basic_ecumenical_altar, st_stairs_8
D:3:      layout_loops_ring, nicolae_yredelemnul_ghost_church,
          lemuel_tele_altar, zin_scriptorium, lemuel_coloured_pillars_altar,
          hangedman_decor_clover_reticule
D:4:      layout_loops_corners
D:5:      layout_cave_pods, kennysheep_mini, minmay_shop_damaged,
          minmay_misc_feat_room, uniq_menkaure, uniq_blork_the_orc

Skill      XL: |  1  2  3  4  5  6 |
---------------+-------------------+-----
Axes           | 2 3 4 5 |  5.3
Dodging        | 1 2 3 |  3.0
Fighting       | 4 |  4.9
Armour         | |  2.9
Shields        | |  2.6

Action                   |  1- 3 |  4- 6 |  7- 9 || total
-------------------------+-------+-------+-------++-------
Melee: War axe           |    73 |   153 |    14 ||   240
       Kick              |     5 |    38 |       ||    43
  Use: Potion            |       |     1 |     3 ||     4
       Scroll            |       |     7 |       ||     7
Armor: Chain mail        |    36 |   129 |     3 ||   168
       Scale mail        |     5 |       |       ||     5
Dodge: Dodged            |    17 |    32 |     2 ||    51
Block: Kite shield       |    42 |    98 |     2 ||   142

Table legend: (Time is in decaauts)
 A = Elapsed time spent in this place.
 B = Non-inter-level travel time spent in this place.
 C = Inter-level travel time spent in this place.
 D = Time resting spent in this place.
 E = Time spent auto-exploring this place.
 F = Levels seen in this place.
 G = Mean time per level.
                   A        B        C        D        E       F      G
               +--------+--------+--------+--------+--------+-----+--------+
         Total |   5041 |   4929 |    112 |    970 |   3254 |   5 | 1008.2 |
       Dungeon |   5041 |   4929 |    112 |    970 |   3254 |   5 | 1008.2 |
               +--------+--------+--------+--------+--------+-----+--------+

Top non-repeatable levels by time:
     D:3: 1668 daAuts
     D:2: 1198 daAuts
     D:1: 1164 daAuts
     D:4: 994 daAuts
     D:5: 15 daAuts
